 Dungeon Crawl Stone Soup version 0.17-a0-1404-gb8113a6 (webtiles) character file.

2942 Kidiri the Protected (level 9, 0/75 HPs)
             Began as a Minotaur Fighter on June 21, 2015.
             Was a Priest of Okawaru.
             Succumbed to a killer bee's poison
             ... on level 7 of the Dungeon.
             The game lasted 00:38:39 (7038 turns).

Kidiri the Protected (Minotaur Fighter)             Turns: 7038, Time: 00:38:39

Health: 0/75       AC:  9    Str: 30    XL:     9   Next: 51%
Magic:  10/10      EV:  6    Int:  8    God:    Okawaru [***...]
Gold:   327        SH: 14    Dex:  7    Spells: 0 memorised, 8 levels left

rFire  . . .     SeeInvis +     a - +1 flail
rCold  . . .     Clarity  .     t - +0 plate armour
rNeg   . . .     SustAt   .     c - +2 shield
rPois  .         Gourm    .     (helmet restricted)
rElec  .         Spirit   .     (no cloak)
rCorr  .         Warding  .     (no gloves)
rMut   .         Stasis   .     (no boots)
MR     .....                    (no amulet)
Stlth  ..........               r - ring of see invisible
                                o - +3 ring of intelligence

@: mighty, lethally poisoned (0 -> -10), very slightly contaminated, hasted,
very quick, not resistant to hostile enchantments, extremely unstealthy
A: retaliatory headbutt, horns 2, clumsy 1, deformed body
a: Heroism, Renounce Religion


You were on level 7 of the Dungeon.
You worshipped Okawaru.
Okawaru was most pleased with you.
You were not hungry.

You visited 2 branches of the dungeon, and saw 8 of its levels.

You collected 327 gold pieces.

Inventory:

Hand weapons
 a - a +1 flail (weapon)
Missiles
 i - a throwing net
 u - 8 tomahawks (quivered)
Armour
 c - a +2 shield (worn)
 m - a +0 chain mail
 p - the +0 buckler "Qamaomaf" {*Corrode rF+ Int+2}
   (You found it on level 5 of the Dungeon)

   It affects your intelligence (+2).
   It protects you from fire.
   It may corrode your equipment when you take damage.
 t - a +0 plate armour (worn)
Jewellery
 o - a +3 ring of intelligence (left hand)
 r - a ring of see invisible (right hand)
Magical devices
 b - a wand of fireball (11)
 h - a wand of hasting (6)
 l - a wand of flame (8)
 n - a wand of random effects (36)
Scrolls
 k - 3 scrolls of remove curse
 s - a scroll of magic mapping
 x - 2 scrolls of amnesia
 y - a scroll of identify
Potions
 d - a potion of might
 j - 2 potions of brilliance
 q - a potion of flight
Comestibles
 e - 2 bread rations
 g - 2 beef jerkies
 v - a meat ration
 w - 5 fruits
 z - a chunk of flesh


   Skills:
 + Level 6.2 Fighting
 + Level 6.5 Maces & Flails
 + Level 4.1 Throwing
 * Level 9.1 Armour
 * Level 8.9 Shields
 + Level 3.9 Invocations


You had 8 spell levels left.
You didn't know any spells.

Dungeon Overview and Level Annotations

Branches:
Dungeon (7/15)             Temple (1/1) D:4

Altars:
Ashenzari
Cheibriados
Dithmenos
Elyvilon
Fedhas
Gozag
Kikubaaqudgha
Okawaru
Qazlal
Ru
Sif Muna
Trog
Vehumet
Xom
Yredelemnul
Zin
The Shining One

Shops:
D:7 !


Innate Abilities, Weirdness & Mutations

You reflexively headbutt those who attack you in melee.
You have a pair of horns on your head.
You are clumsy. (Dex -2)
Armour fits poorly on your strangely shaped body.


Message History

The killer bee stings you but does no damage.
The gnoll hits you from afar with a spear.
* * * LOW HITPOINT WARNING * * *
Drink which item? (? for menu, Esc to quit)
You feel yourself speed up.
* * * LOW HITPOINT WARNING * * *
You feel sick. You block the killer bee's attack.
The killer bee stings you but does no damage.
The gnoll hits you but does no damage.
You are very lightly contaminated with residual magic.
You hit the killer bee.
The killer bee is severely wounded.
* * * LOW HITPOINT WARNING * * *
You feel sick. The killer bee stings you.
* * * LOW HITPOINT WARNING * * *
You block the gnoll's attack. You block the killer bee's attack.
You sock the killer bee!
You kill the killer bee!
Okawaru is honoured by your kill.
You die...

### #.#######
##@)gg.(##
#######.#######
#..g...y####
##.yy.#.g...
##.######.. ###
##. #. ######.
#.......


You could see 2 gnolls.

Vanquished Creatures
  Pikel (D:7)
  Sigmund (D:6)
  A water moccasin (D:6)
  Duvessa (D:7)
  A gnoll sergeant (D:7)
  An orc warrior (D:6)
  An ice beast (D:6)
  A black bear (D:6)
  A sky beast (D:5)
  3 ogres
  A giant frog (D:5)
  Dowan (D:7)
  A scorpion (D:6)
  A wyvern skeleton (D:6)
  3 killer bees (D:7)
  2 crimson imps (D:6)
  A gnoll shaman (D:5)
  A centaur zombie (D:5)
  3 hounds
  3 jellies
  An iguana (D:5)
  2 orc priests (D:5)
  Ijyb (D:2)
  2 orc wizards (D:5)
  Jessica (D:2)
  Terence (D:2)
  2 worker ants (D:4)
  A hound skeleton (D:5)
  6 gnolls (D:5)
  16 adders
  2 shadow imps
  An ooze (D:4)
  A worm (D:2)
  3 giant geckos
  14 orcs
  A bat skeleton (D:5)
  A bat zombie (D:5)
  6 giant cockroaches
  18 hobgoblins
  16 kobolds
  4 quokkas
  2 ball pythons (D:1)
  13 bats
  A giant gecko skeleton (D:5)
  6 giant newts
  5 goblins
  12 jackals
  A jackal zombie (D:5)
  10 rats
179 creatures vanquished.

Vanquished Creatures (others)
  2 slaves (D:7)
  A worker ant (D:7)
  A gnoll (D:7)
  3 orcs (D:4)
7 creatures vanquished.

Grand Total: 186 creatures vanquished

Notes
Turn   | Place    | Note
--------------------------------------------------------------
     0 | D:1      | Kidiri the Minotaur Fighter began the quest for the Orb.
     0 | D:1      | Reached XP level 1. HP: 19/19 MP: 0/0
   119 | D:1      | Reached XP level 2. HP: 25/27 MP: 1/1
   354 | D:1      | Reached skill level 4 in Shields
   974 | D:1      | Reached XP level 3. HP: 33/33 MP: 2/2
  1013 | D:2      | Noticed Terence
  1023 | D:2      | Killed Terence
  1190 | D:2      | Noticed Ijyb
  1214 | D:2      | Killed Ijyb
  1214 | D:2      | Reached XP level 4. HP: 26/40 MP: 3/3
  1495 | D:2      | Reached skill level 1 in Throwing
  1702 | D:2      | Noticed Jessica
  1703 | D:2      | Killed Jessica
  1703 | D:2      | Reached skill level 5 in Shields
  1725 | D:2      | Reached XP level 5. HP: 36/46 MP: 4/4
  2309 | D:3      | Found a white marble altar of Elyvilon.
  2356 | D:3      | Reached skill level 5 in Armour
  2958 | D:4      | Noticed an ogre
  2970 | D:4      | Killed an ogre
  2970 | D:4      | Reached XP level 6. HP: 41/53 MP: 5/5
  3317 | D:4      | Found a staircase to the Ecumenical Temple.
  3327 | Temple   | Entered the Ecumenical Temple
  3348 | Temple   | Became a worshipper of Warmaster Okawaru
  3574 | D:4      | Noticed an air elemental
  3579 | D:4      | Found a stormy altar of Qazlal.
  3582 | D:4      | Noticed a water elemental
  3583 | D:4      | Noticed a fire elemental
  3657 | D:5      | Entered Level 5 of the Dungeon
  3882 | D:5      | Reached skill level 6 in Armour
  3882 | D:5      | Reached skill level 1 in Invocations
  3882 | D:5      | Reached XP level 7. HP: 60/60 MP: 6/6
  3886 | D:5      | Gained mutation: Armour fits poorly on your strangely shaped body. [mutagenic meat]
  3887 | D:5      | Gained mutation: You are clumsy. (Dex -2) [mutagenic meat]
  3939 | D:5      | Acquired Okawaru's first power
  3989 | D:5      | Got a shimmering buckler
  4000 | D:5      | Identified the cursed +0 buckler "Qamaomaf" {*Corrode rF+ Int+2} (You found it on level 5 of the Dungeon)
  4295 | D:5      | Reached skill level 5 in Maces & Flails
  4309 | D:5      | Reached skill level 5 in Fighting
  4440 | D:5      | Found a sacrificial altar of Ru.
  4646 | D:5      | Reached skill level 7 in Armour
  4646 | D:5      | Reached XP level 8. HP: 54/68 MP: 8/8
  5283 | D:6      | Found a shadowy altar of Dithmenos.
  5646 | D:6      | Reached skill level 8 in Armour
  5861 | D:6      | Noticed Sigmund
  5876 | D:6      | Killed Sigmund
  6006 | D:6      | Found a shimmering altar of Xom.
  6006 | D:6      | Found a blossoming altar of Fedhas.
  6050 | D:6      | Upgraded the game from 0.17-a0-1403-g9df874c to 0.17-a0-1404-gb8113a6
  6139 | D:6      | Reached XP level 9. HP: 35/75 MP: 10/10
  6323 | D:7      | Noticed Dowan
  6325 | D:7      | Noticed Duvessa
  6334 | D:7      | Killed Duvessa
  6342 | D:7      | Killed Dowan
  6588 | D:7      | Found Loutil's Distillery.
  6709 | D:7      | Noticed Pikel
  6720 | D:7      | Killed Pikel
  7032 | D:7      | Reached skill level 9 in Armour
  7037 | D:7      | HP: 1/75 [killer bee (3)]
  7038 | D:7      | Succumbed to a killer bee's poison

Vault maps used:
D:1:      tarquinn_simple_flora_water_d, hangedman_abyss_or_decor_lesser_grid
D:2:      first_bread, uniq_iyjb, uniq_jessica, uniq_terence
D:3:      old_standard_altar, minmay_strange_pillars, st_stairs_1,
          kennysheep_nub
D:4:      lemuel_temple_firewalk_marked, nicolae_qazlal_style_of_elements
D:5:      nicolae_ru_great_annihilating_truth, st_stairs_12
D:6:      gammafunk_temple_overflow_wave, grunt_dithmenos_smoke, uniq_sigmund
D:7:      serial_shops, nicolae_shop_waterfront, uniq_duvessa, uniq_pikel
Temple:   circular_temple_12

Action                   |  1- 3 |  4- 6 |  7- 9 || total
-------------------------+-------+-------+-------++-------
Melee: Flail             |   103 |   193 |   319 ||   615
Throw: Tomahawk          |       |     5 |     5 ||    10
       Throwing net      |       |       |     2 ||     2
  Use: Scroll            |     4 |     7 |     4 ||    15
       Potion            |       |     1 |     8 ||     9
 Stab: Paralysed         |       |       |     1 ||     1
  Eat: Chunk             |     1 |     3 |    11 ||    15
       Bread ration      |       |     1 |     1 ||     2
       Fruit             |       |     2 |       ||     2
